 Dungeon Crawl Stone Soup version 0.25-a0-302-g9f758675c1 (webtiles) character file.

Game seed: 17752622204162772989, levelgen mode: deterministic

262115 toffzen the Brawler (level 19, -19/192 HPs)
             Began as a Troll Fighter on Dec 16, 2019.
             Was a Priest of Elyvilon.
             Shot with a bolt by a yaktaur captain (29 damage)
             ... on level 3 of the Vaults on Dec 20, 2019.
             The game lasted 02:21:46 (50590 turns).

toffzen the Brawler (Troll Fighter)                Turns: 50590, Time: 02:21:46

Health: -19/192    AC:  9    Str: 32    XL:     19   Next: 60%
Magic:  32/32      EV: 17    Int:  4    God:    Elyvilon [***...]
Gold:   2561       SH: 17    Dex: 15    Spells: 18/18 levels left

rFire    + + +     SeeInvis .     - Unarmed
rCold    + + +     Gourm    +   q - +2 shield {rPois}
rNeg     . . .     Faith    .   W - +2 robe {rC+ rF+}
rPois    +         Spirit   .   x - +0 hat "Isuemi" {rElec rC+}
rElec    +         Reflect  +   h - scarf {rC+ rF+}
rCorr    +         Harm     .   (gloves unavailable)
MR       ++...                  (boots unavailable)
Stlth    +.........             G - +3 amulet of reflection
HPRegen  0.82/turn              D - +3 ring of strength
MPRegen  0.23/turn              m - ring of protection from magic

@: resistant, marked, very slightly contaminated, lightly drained, invisible
A: large, unfitting armour, claws 3, fast metabolism 3, gourmand, high mp 1,
regeneration 1, shaggy fur 1, tough skin 3
}: 1/15 runes: serpentine
a: Lesser Healing, Heal Other, Purification, Divine Protection, Renounce
Religion


You were on level 3 of the Vaults.
You worshipped Elyvilon.
Elyvilon was most pleased with you.
You were not hungry.

You visited 7 branches of the dungeon, and saw 33 of its levels.
You also visited: Ice Cave.

You collected 2759 gold pieces.
You spent 198 gold pieces at shops.

Inventory:

Hand Weapons
 I - the +9 dagger "Vuwor" {freeze, MR+ Stlth+}
   (You found it on level 2 of the Snake Pit)

   It has been specially enchanted to freeze those struck by it, causing extra
   injury to most foes and up to half again as much damage against particularly
   susceptible opponents.
   It can also slow down cold-blooded creatures.
   It affects your resistance to hostile enchantments.
   It makes you more stealthy.
 X - a +3 scimitar of flaming
Missiles
 b - 10 large rocks
 e - 620 stones (quivered)
Armour
 h - a scarf of resistance (worn)
 q - a +2 shield of poison resistance (worn)
 x - the +0 hat "Isuemi" (worn) {rElec rC+}
   (You acquired it on level 1 of the Lair of Beasts)

   It protects you from cold.
   It insulates you from electricity.
 W - a +2 robe of resistance (worn)
Jewellery
 g - an uncursed ring of see invisible
 m - a ring of protection from magic (right claw)
 z - an uncursed ring of flight
 C - an uncursed amulet of regeneration
 D - a +3 ring of strength (left claw)
 E - an uncursed ring of protection from cold
 G - a +3 amulet of reflection (around neck)
 M - an uncursed ring of poison resistance
 O - an uncursed ring of ice
Wands
 j - a wand of scattershot (13)
 t - a wand of disintegration (26)
 v - a wand of digging (29)
 P - a wand of flame (46)
 V - a wand of iceblast (7)
 Y - a wand of enslavement (17)
Scrolls
 c - 2 scrolls of summoning
 i - 6 scrolls of magic mapping
 p - 4 scrolls of immolation
 s - 13 scrolls of remove curse
 u - a scroll of vulnerability
 B - 4 scrolls of amnesia
 F - 5 scrolls of enchant armour
 J - 6 scrolls of enchant weapon
 K - 2 scrolls of fear
 S - 2 scrolls of fog
 T - 4 scrolls of identify
Potions
 k - 4 potions of flight
 n - a potion of invisibility
 o - 5 potions of mutation
 w - 12 potions of curing
 A - 2 potions of magic
 H - 3 potions of resistance
 N - 3 potions of cancellation
 Q - 5 potions of lignification
 R - a potion of brilliance
 U - a potion of agility
Miscellaneous
 r - a box of beasts
Comestibles
 d - 37 rations
 y - a chunk of flesh


   Skills:
 + Level 12.8(12.7) Fighting
 + Level 11.5(11.4) Armour
 + Level 11.8(11.7) Dodging
 - Level 9.0(8.8) Shields
 + Level 18.6(18.4) Unarmed Combat
 * Level 15.0(14.8) Invocations


You had 18 spell levels left.
You didn't know any spells.
Your spell library contained the following spells:

 Spells                   Type           Power        Failure   Level  Hunger
 Corona                   Hex            #......      50%         1    ##.....
 Freeze                   Ice            #...         50%         1    ##.....
 Magic Dart               Conj           #...         50%         1    ##.....
 Shock                    Conj/Air       #...         50%         1    ##.....
 Sting                    Tmut/Pois      #...         50%         1    ##.....
 Summon Butterflies       Summ           #.......     50%         1    ##.....
 Summon Small Mammal      Summ           #...         50%         1    ##.....
 Blink                    Tloc           N/A          65%         2    ###....
 Call Imp                 Summ           #.......     65%         2    ###....
 Ensorcelled Hibernation  Hex/Ice        #.....       65%         2    ###....
 Passwall                 Tmut/Erth      #.......     65%         2    ###....
 Poisonous Vapours        Pois/Air       #.....       65%         2    ###....
 Searing Ray              Conj           #.....       65%         2    ###....
 Slow                     Hex            #.......     65%         2    ###....
 Swiftness                Chrm/Air       #.......     65%         2    ###....
 Confuse                  Hex            #.......     86%         3    ####...
 Conjure Flame            Conj/Fire      #.......     86%         3    ####...
 Dazzling Flash           Conj/Hex       #.....       86%         3    ####...
 Ignite Poison            Fire/Tmut/Pois #.......     86%         3    ####...
 Mephitic Cloud           Conj/Pois/Air  #.......     86%         3    ####...
 Ozocubu's Armour         Chrm/Ice       #.......     86%         3    ####...
 Static Discharge         Conj/Air       #.......     86%         3    ####...
 Tukima's Dance           Hex            #.......     86%         3    ####...
 Airstrike                Air            #.........   99%         4    #####..
 Fulminant Prism          Conj/Hex       #.........   99%         4    #####..
 Hailstorm                Conj/Ice       #.......     99%         4    #####..
 Iskenderun's Mystic Bla  Conj/Tloc      #.......     99%         4    #####..
 Olgreb's Toxic Radiance  Pois           #.......     99%         4    #####..
 Passage of Golubria      Tloc           N/A          99%         4    #####..
 Summon Ice Beast         Ice/Summ       #.......     99%         4    #####..
 Aura of Abjuration       Summ           #.........   100%        5    ######.
 Lee's Rapid Deconstruct  Erth           #.........   100%        5    ######.
 Lightning Bolt           Conj/Air       #.........   100%        5    ######.
 Darkness                 Hex            #.........   100%        6    #######
 Invisibility             Hex            #.......     100%        6    #######
 Spellforged Servitor     Conj/Summ      #.........   100%        7    #######


Dungeon Overview and Level Annotations

Branches:
Dungeon (15/15)            Temple (1/1) D:6            Lair (6/6) D:9
 Shoals (0/4) Lair:4        Snake (4/4) Lair:2        Slime (0/5) Lair:6
    Orc (2/2) D:9             Elf (2/3) Orc:2        Vaults (3/5) D:13
  Crypt (0/3) Vaults:2     Depths (0/5) D:15          IceCv (visited)

Altars:
Ashenzari
Cheibriados
Dithmenos
Elyvilon
Fedhas
Gozag
Hepliaklqana
Kikubaaqudgha
Makhleb
Nemelex Xobeh
Okawaru
Qazlal
Ru
Sif Muna
Trog
Uskayaw
Vehumet
Wu Jian
Xom
Yredelemnul
Zin
The Shining One
Beogh

Shops:
D:5 ?   D:14 %   Orc:1 }   Orc:2 :(*[

Annotations:
D:10 3 runed translucent doors, bmj180's ghost, novice DrCj
D:12 Rupert
Lair:2 exclusion: oklob plant


Innate Abilities, Weirdness & Mutations

You are too large for most types of armour.
You have claws for hands.
Your metabolism is lightning-fast.
You like to eat raw meat.
Your natural rate of healing is unusually fast.
You are covered in fur. (AC +1)
You have extremely tough skin. (AC +3)
You have an increased reservoir of magic. (+10% MP)


Message History

You feel invigorated.
The yaktaur shoots a bolt.
The bolt hits the shadow dragon simulacrum!!
The shadow dragon simulacrum vapourises!
The yaktaur captain shoots a bolt.
The bolt barely misses you.
The yaktaur shoots a bolt.
The bolt barely misses you.
The yaktaur shoots a bolt.
The bolt hits the yaktaur!
You feel less invigorated.
You feel less confused.
The yaktaur captain shoots a bolt.
The bolt completely misses the yaktaur.
The bolt hits you!!
* * * LOW HITPOINT WARNING * * *
The yaktaur shoots a bolt.
You reflect the bolt off an invisible shield around you!
The bolt hits the yaktaur!!
The yaktaur dies!
Your divine protection fades away.
The yaktaur shoots a bolt.
The bolt hits the yaktaur!!
The yaktaur unwields a +0 arbalest.
You block the yaktaur's attack.
The yaktaur captain shoots a bolt.
The bolt hits you!!
You die...

,,,,,,*
*####...#*
,,,,,,* *..W#...*
,,,,,,*
###*,p.#c.#*
,,,,,,*
#(##,..(?.#
,,,,,,*
#..###...#*
,,,,,,*
#c.).(...####
,,,,,,*
#)()).§Cp.CJ#
*******
#°c##....Ze.# ,,*
#@###es.o..§# ,,*
###,c(c..#### ,,*
******* *.pc...#*
,,* *,,,*>*
#..u#...* ,,*
*+***+*
####*...#* ,,*
*,,*,,* *,....*
,,* *,,*,,*
*****+******* ,,*
*,,****
*,,,,,,,,,,,*****
,,* *,,,,,*
*,,,,,,,,,,,**,,,


You could see a yaktaur captain and 2 yaktaurs.

Vanquished Creatures
  A tentacled monstrosity (Vaults:3)
  Gastronok (Lair:3)
  A storm dragon (Vaults:1)
  11 nagarajas (Snake:4)
  2 orc warlords (Orc:1)
  7 vault wardens
  6 ironheart preservers
  2 stone giants
  A very ugly thing (Vaults:3)
  2 deep elf demonologists (Elf:1)
  2 deep elf annihilators (Vaults:2)
  A dire elephant (shapeshifter) (Elf:2)
  Snorg (Lair:6)
  Josephine (Lair:6)
  5 yaktaur captains
  A great orb of eyes (Vaults:1)
  3 vault guards
  5 hydras
  Fannar (D:12)
  A rakshasa (Vaults:1)
  34 naga warriors
  Erica (Orc:1)
  An ice dragon (Vaults:3)
  An anaconda (shapeshifter) (Vaults:3)
  10 anacondas
  7 ogre magi
  3 catoblepae (Lair:6)
  7 centaur warriors
  A death knight (Vaults:3)
  16 two-headed ogres
  20 dancing weapons
  21 deep elf knights
  19 naga sharpshooters
  5 death yaks
  6 shock serpents
  3 orc high priests
  A shadow wraith (Vaults:3)
  2 salamander mystics
  5 unseen horrors
  4 wizards
  9 naga ritualists
  5 ironbrand convokers
  2 tengu zombies
  10 deep elf archers
  2 necromancers
  4 harpies (Vaults:2)
  20 ugly things
  A tengu skeleton (Vaults:2)
  53 deep elf magi
  A frost giant zombie (Vaults:1)
  7 mana vipers
  15 orc knights
  9 orc sorcerers
  13 salamanders
  4 wolf spiders
  2 manticores (Lair:6)
  A cyclops (Vaults:1)
  2 human skeletons
  23 black mambas
  3 elephants (Lair:5)
  Psyche (D:8)
  A stone giant skeleton (Vaults:3)
  5 vault sentinels
  Maurice (D:10)
  A torpor snail (Lair:5)
  8 spiny frogs
  11 guardian serpents
  A centaur zombie (D:11)
  25 naga magi
  3 gargoyles
  2 rime drakes
  3 freezing wraiths
  7 komodo dragons
  A kobold demonologist (D:12)
  26 yaktaurs
  3 trolls
  A hornet (shapeshifter) (Elf:1)
  An ettin zombie (Vaults:2)
  A tengu simulacrum (Vaults:3)
  5 slime creatures
  A hornet (Vaults:1)
  2 dream sheep (Lair:6)
  2 human simulacra (Vaults:2)
  7 hippogriffs
  5 air elementals
  4 wyverns
  A vampire (D:14)
  2 water elementals
  5 wraiths
  45 yaks
  A human (D:12)
  A fire elemental (Elf:2)
  A death yak simulacrum (IceCv)
  A human (shapeshifter) (Elf:1)
  4 vampire mosquitoes (D:15)
  4 hogs (D:12)
  2 hungry ghosts
  A basilisk (Lair:5)
  10 wargs
  An ogre zombie (Vaults:1)
  71 nagas
  12 water moccasins
  2 sky beasts
  9 porcupines
  An alligator simulacrum (IceCv)
  43 orc warriors
  An eye of draining (shapeshifter) (Vaults:3)
  2 black bears (D:7)
  3 phantoms
  3 ice beasts
  A human zombie (Vaults:2)
  19 ogres
  4 wolves (Lair:5)
  26 centaurs
  8 boggarts
  A necrophage (D:10)
  An eye of draining (D:15)
  15 crocodiles
  4 big kobolds
  16 bullfrogs
  A gnoll sergeant (D:9)
  An earth elemental (Elf:2)
  A wyvern zombie (D:9)
  3 wyvern skeletons
  5 scorpions
  A water moccasin skeleton (D:10)
  24 killer bees
  2 electric eels
  3 howler monkeys
  7 crimson imps
  17 hounds
  5 jellies
  A gnoll shaman (D:9)
  36 orc wizards
  A bullfrog skeleton (D:11)
  4 centaur skeletons
  34 orc priests
  4 iguanas
  15 worker ants
  A polar bear simulacrum (IceCv)
  A wolf simulacrum (IceCv)
  A howler monkey zombie (D:6)
  26 gnolls
  A howler monkey skeleton (D:6)
  3 worker ant zombies
  4 adders
  A shadow imp (D:5)
  An ooze (D:3)
  3 adder skeletons
  A worm (D:3)
  2 dart slugs
  9 leopard geckos
  124 orcs
  2 ball pythons (D:3)
  5 giant cockroaches
  13 goblins
  17 hobgoblins
  17 jackals
  22 kobolds
  3 quokkas
  A ball python skeleton (D:4)
  7 bats
  7 frilled lizards
  10 rats
1304 creatures vanquished.

Vanquished Creatures (others)
  A vault warden (Vaults:3)
  An ironheart preserver (Vaults:2)
  An ettin (Vaults:3)
  A deep elf knight (Vaults:3)
  An ironbrand convoker (Vaults:3)
  A necromancer (Vaults:1)
  A deep elf archer (Elf:1)
  An orc knight (Vaults:1)
  2 deep elf magi
  A black mamba (Snake:2)
  A vault sentinel (Vaults:3)
  2 yaktaurs (Vaults:3)
  A freezing wraith (Vaults:3)
  A shadow dragon simulacrum (Vaults:3)
  A slime creature (Vaults:3)
  2 centaurs (Vaults:3)
  An adder (D:12)
  An orc (Orc:2)
  38 fungi
  9 plants
68 creatures vanquished.

Grand Total: 1372 creatures vanquished

Notes
Turn   | Place    | Note
-------+----------+-------------------------------------------
     0 | D:1      | toffzen the Troll Fighter began the quest for the Orb.
     0 | D:1      | Reached XP level 1. HP: 22/22 MP: 0/0
    49 | D:1      | Reached XP level 2. HP: 29/29 MP: 1/1
   148 | D:1      | Reached skill level 3 in Unarmed Combat
   353 | D:1      | Reached XP level 3. HP: 36/36 MP: 2/2
   776 | D:2      | Found an ornate altar of the Wu Jian Council.
  1386 | D:3      | Reached XP level 4. HP: 45/45 MP: 3/3
  1531 | D:3      | Reached skill level 4 in Unarmed Combat
  1907 | D:3      | Reached XP level 5. HP: 52/53 MP: 4/4
  2194 | D:4      | Reached skill level 5 in Unarmed Combat
  2436 | D:4      | Reached XP level 6. HP: 62/62 MP: 5/5
  2535 | D:4      | Reached skill level 6 in Unarmed Combat
  2568 | D:4      | Got a slimy robe
  2579 | D:4      | Identified the +1 robe "Lipnies" {rElec} (You found it on
                  | level 4 of the Dungeon)
  2602 | D:4      | Reached XP level 7. HP: 70/70 MP: 6/6
  3109 | D:4      | Reached skill level 7 in Unarmed Combat
  3360 | D:5      | Entered Level 5 of the Dungeon
  3523 | D:5      | Reached skill level 5 in Fighting
  3531 | D:5      | Reached XP level 8. HP: 76/80 MP: 7/7
  3534 | D:5      | Reached skill level 8 in Unarmed Combat
  3599 | D:6      | Found an opulent altar of Gozag.
  3855 | D:5      | Found a blossoming altar of Fedhas.
  3972 | D:5      | Found Ivvea's Magic Scroll Shoppe.
  3980 | D:5      | Bought a scroll of teleportation for 33 gold pieces
  3980 | D:5      | Bought a scroll of identify for 22 gold pieces
  4253 | D:6      | Reached skill level 9 in Unarmed Combat
  4331 | D:6      | Found a staircase to the Ecumenical Temple.
  4355 | Temple   | Entered the Ecumenical Temple
  4555 | Temple   | Became a worshipper of Elyvilon the Healer
  4639 | D:6      | Found a blossoming altar of Fedhas.
  5095 | D:7      | Reached XP level 9. HP: 65/89 MP: 8/8
  5136 | D:7      | Found a bloodstained altar of Trog.
  5250 | D:7      | Reached skill level 1 in Armour
  5339 | D:7      | Reached * piety under Elyvilon
  5472 | D:7      | Reached skill level 10 in Unarmed Combat
  5661 | D:7      | Upgraded the game from 0.25-a0-292-gaa31f046c4 to
                  | 0.25-a0-294-gea9b1ad378
  5928 | D:8      | Reached ** piety under Elyvilon
  6355 | D:9      | Noticed Psyche
  6366 | D:8      | Killed Psyche
  6821 | D:9      | Reached XP level 10. HP: 90/100 MP: 9/9
  6897 | D:9      | Found a staircase to the Lair.
  7358 | D:9      | Reached skill level 11 in Unarmed Combat
  7698 | D:9      | Found a roughly hewn altar of Beogh.
  7714 | D:9      | Found a staircase to the Orcish Mines.
  7912 | D:10     | Entered Level 10 of the Dungeon
  7912 | D:10     | Reached *** piety under Elyvilon
  8168 | D:10     | Noticed a gargoyle
  8175 | D:10     | Killed a gargoyle
  8241 | D:10     | Reached skill level 5 in Shields
  8250 | D:10     | Reached skill level 5 in Dodging
  8250 | D:10     | Reached XP level 11. HP: 90/109 MP: 10/10
  8399 | D:10     | Got a scorched spear
  8403 | D:10     | Identified the +4 spear "Soetur" {vamp, rPois Dex+6} (You
                  | found it on level 10 of the Dungeon)
  8482 | D:10     | Found a runed translucent gate.
  8482 | D:10     | Found a runed translucent gate.
  8482 | D:10     | Found a runed translucent gate.
  8484 | D:10     | Noticed bmj180's ghost (novice DrCj)
  8485 | D:10     | Identified the +10 whip of Sudden Death {pain, +Rage +Fly
                  | Int+4}
  8756 | D:10     | Reached skill level 12 in Unarmed Combat
  8800 | D:10     | Reached **** piety under Elyvilon
  9016 | D:10     | Noticed Maurice
  9040 | D:10     | Killed Maurice
  9117 | Lair:1   | Entered Level 1 of the Lair of Beasts
  9117 | Lair:1   | Found a hide-covered altar of Uskayaw.
  9133 | Lair:1   | Identified a scroll of acquirement
  9136 | Lair:1   | Got a twisted hat
  9142 | Lair:1   | Identified the +0 hat "Isuemi" {rElec rC+} (You acquired it
                  | on level 1 of the Lair of Beasts)
  9591 | Lair:1   | Noticed a four-headed hydra
  9609 | Lair:1   | Killed a four-headed hydra
  9737 | Lair:1   | Reached ***** piety under Elyvilon
 10120 | Lair:2   | Found a staircase to the Snake Pit.
 10184 | Lair:2   | Noticed an oklob plant
 10901 | Lair:3   | Reached skill level 5 in Armour
 11349 | Lair:3   | Noticed a five-headed hydra
 11356 | Lair:3   | Killed a five-headed hydra
 11356 | Lair:3   | Reached skill level 13 in Unarmed Combat
 11356 | Lair:3   | Reached XP level 12. HP: 119/119 MP: 11/11
 11721 | Lair:3   | You fall into a shaft and drop 3 floors!
 11721 | Lair:6   | Entered Level 6 of the Lair of Beasts
 11721 | Lair:6   | Found a staircase to the Slime Pits.
 11840 | Lair:5   | Noticed a six-headed hydra
 11846 | Lair:5   | Killed a six-headed hydra
 12164 | Lair:4   | Reached ****** piety under Elyvilon
 12275 | Lair:4   | Found a staircase to the Shoals.
 12398 | Lair:4   | Reached skill level 1 in Invocations
 12697 | Lair:3   | Noticed Gastronok
 12738 | Lair:3   | Killed Gastronok
 14553 | Lair:6   | Noticed Snorg
 14574 | Lair:6   | Elyvilon protects you from harm!
 14574 | Lair:6   | Noticed a death yak
 14577 | Lair:6   | Killed Snorg
 14804 | Lair:6   | Noticed a seven-headed hydra
 14809 | Lair:6   | Killed a seven-headed hydra
 15049 | Lair:6   | Killed a death yak
 15049 | Lair:6   | Reached skill level 14 in Unarmed Combat
 15049 | Lair:6   | Reached XP level 13. HP: 130/130 MP: 14/14
 15931 | Lair:6   | Noticed Josephine
 15945 | Lair:6   | Killed Josephine
 17376 | Lair:6   | Reached skill level 5 in Invocations
 18510 | D:11     | Found a frozen archway.
 18519 | IceCv    | Entered an ice cave
 19421 | D:12     | Noticed Fannar
 19443 | D:12     | Killed Fannar
 19798 | D:12     | Noticed Rupert
 20437 | D:13     | Found a flagged portal.
 20595 | D:13     | Found a gate to the Vaults.
 20751 | D:13     | Found a stormy altar of Qazlal.
 21053 | D:13     | Reached XP level 14. HP: 104/140 MP: 17/17
 21636 | D:14     | Found a white marble altar of Elyvilon.
 22013 | D:14     | Found Qacazuh's Food Boutique.
 22488 | D:15     | Entered Level 15 of the Dungeon
 22822 | D:15     | Reached skill level 15 in Unarmed Combat
 23573 | D:15     | Found a shimmering altar of Xom.
 23779 | D:15     | Found a staircase to the Depths.
 24189 | Orc:1    | Entered Level 1 of the Orcish Mines
 24423 | Orc:1    | Found Oshoam's Gadget Emporium.
 24488 | Orc:2    | Entered Level 2 of the Orcish Mines
 24780 | Orc:1    | Noticed Erica
 24789 | Orc:1    | Killed Erica
 25002 | Orc:1    | Noticed an orc warlord
 25025 | Orc:1    | Killed an orc warlord
 25436 | Orc:2    | Found a staircase to the Elven Halls.
 25783 | Orc:2    | Noticed an orc warlord
 25801 | Orc:2    | Reached skill level 10 in Fighting
 25902 | Orc:1    | Killed an orc warlord
 26030 | Orc:2    | Reached XP level 15. HP: 136/149 MP: 20/20
 26578 | Orc:2    | Gained mutation: You have an increased reservoir of magic.
                  | (+10% MP) [a neqoxec]
 26607 | Orc:2    | Found Gainuninn's General Store.
 26608 | Orc:2    | Found Taqig's Book Shop.
 26610 | Orc:2    | Found Heol's Antique Armour Boutique.
 26610 | Orc:2    | Found Yxzedi's Antique Weapon Boutique.
 26616 | Orc:2    | Bought a potion of haste for 110 gold pieces
 26616 | Orc:2    | Bought a scroll of teleportation for 33 gold pieces
 26995 | Snake:1  | Entered Level 1 of the Snake Pit
 28761 | Snake:1  | Reached skill level 16 in Unarmed Combat
 29296 | Snake:2  | Identified the +9 dagger "Vuwor" {freeze, MR+ Stlth+} (You
                  | found it on level 2 of the Snake Pit)
 30295 | Snake:3  | Upgraded the game from 0.25-a0-294-gea9b1ad378 to
                  | 0.25-a0-302-g9f758675c1
 30935 | Snake:2  | Reached skill level 10 in Invocations
 30985 | Snake:2  | Reached XP level 16. HP: 89/159 MP: 21/24
 32265 | Snake:2  | HP: 8/161 [naga warrior/+0 dire flail (6)]
 32819 | Snake:3  | Found a bloodstained altar of Trog.
 33259 | Snake:4  | Entered Level 4 of the Snake Pit
 33809 | Snake:4  | Found the +2 cloak of the Thief {+Fog Slay-2 SInv Stlth+}
 33892 | Snake:4  | Reached skill level 17 in Unarmed Combat
 36388 | Snake:4  | Reached XP level 17. HP: 137/170 MP: 27/27
 36571 | Snake:4  | Reached skill level 10 in Dodging
 36891 | Snake:4  | Got a serpentine rune of Zot
 39074 | Elf:1    | Entered Level 1 of the Elven Halls
 39165 | Elf:1    | Reached skill level 10 in Armour
 39372 | Elf:1    | Identified Niask's Handbook of the Escort
 40270 | Elf:2    | Noticed a Brimstone Fiend
 41075 | Elf:2    | Found a runed translucent gate.
 41075 | Elf:2    | Found a runed translucent gate.
 41080 | Elf:2    | Found a runed translucent gate.
 41525 | Elf:2    | Reached XP level 18. HP: 163/182 MP: 29/29
 44696 | Vaults:1 | Entered Level 1 of the Vaults
 44813 | Vaults:1 | Reached skill level 18 in Unarmed Combat
 48411 | Vaults:2 | Reached XP level 19. HP: 113/191 MP: 31/31
 49938 | Vaults:2 | Found a staircase to the Crypt.
 49938 | Vaults:2 | Found a basalt altar of Yredelemnul.
 49939 | Vaults:2 | Found an ancient bone altar of Kikubaaqudgha.
 50576 | Vaults:3 | HP: 4/249 [vault warden/+0 long sword of flaming (26)]
 50577 | Vaults:3 | Elyvilon protects you from harm!
 50579 | Vaults:3 | Reached skill level 15 in Invocations
 50582 | Vaults:3 | Elyvilon protects you from harm!
 50584 | Vaults:3 | Elyvilon protects you from harm!
 50590 | Vaults:3 | Shot with a bolt by a yaktaur captain

Levels and vault maps discovered:
D:1:      dpeg_arrival_tiny_h, layout_rooms
D:2:      layout_basic, lemuel_doored_altar, first_ration, grunt_ministairs_11
D:3:      layout_loops_ring
D:4:      corexii_shantytown, layout_basic
D:5:      layout_cave_pools, overflow_temple_1_default, gammafunk_ghost_smash,
          serial_shops, shop_scrolls, serial_gnoll_camp, gnoll_camp_mini_shop,
          gnoll_camp_mini_sergeant, gnoll_camp_mini_doghouse,
          gnoll_camp_mini_basic, gnoll_camp_mini_hut, gnoll_camp_mini_hut
D:6:      layout_cave_pools, nicolae_gozag_seed_capital,
          minmay_temple_entry_overgrown, serial_bayou_pond_e, st_stairs_12,
          fedhas_bush_and_centaur_altar
D:7:      layout_basic, trog_ov_bears_minmay
D:8:      layout_gridville
D:9:      layout_rooms, erik_lair_orcish_takeover, david_orc_5, uniq_psyche
D:10:     layout_irregular_city, serial_glass, glass_columns_a, glass_columns_b,
          gammafunk_ghost_nasty_kobolds, uniq_maurice
D:11:     layout_grid_maze, portal_ice_cave_entry_pillars_1
D:12:     layout_small_grid, grunt_livestock, lemuel_flame_loot_1, uniq_fannar,
          uniq_rupert
D:13:     layout_roguey, david_vaults_5, basic_altar, enter_bailey_3
D:14:     layout_layer_cave, serial_shops, nicolae_shop_window_shopping,
          elyvilon_altar_5, drop_trap
D:15:     grunt_enter_depths_magical_seal, layout_cave_pools,
          wad_floor_pattern_untrapped, lemuel_tele_altar
Temple:   dpeg_five_rooms_temple
Lair:1:   layout_roguey, basic_altar, serial_bayou_shore_a, lemuel_fruit_tree
Lair:2:   layout_chaotic_city, minmay_lair_oklob_chamber
Lair:3:   layout_layer_cave, st_stairs_4, grunt_megastairs_2, uniq_gastronok
Lair:4:   layout_cave_pods, minmay_shoals_entry_centaurs, serial_bayou_shore_b
Lair:5:   layout_loops_ring, chequers_serial_rivers_marsh
Lair:6:   evilmike_catoblepas_cave, layout_hall_layers,
          minmay_slime_entry_pillars, uniq_snorg, uniq_josephine
Snake:1:  layout_layer_cave, nicolae_snake_squiggles
Snake:2:  layout_honeycomb
Snake:3:  kennysheep_six_static_rooms, layout_misc_corridors, basic_altar,
          nrook_guardian_serpent_double
Snake:4:  grunt_snake_rune_spirals, layout_onion_interference,
          grunt_ministairs_14
Orc:1:    layout_diamond_mine, serial_shops, nicolae_shop_stone, uniq_erica
Orc:2:    st_orc_congregation, layout_diamond_mine
Elf:1:    elf_arrival_001, layout_geoelf_grid, minmay_elf_demonology,
          minmay_misc_feat_cross
Elf:2:    layout_geoelf_diagonals
Vaults:1: vaults_dpeg_spiral, v_rooms_4, nicolae_vaults_what_the_h, v_rooms_5,
          hangedman_vaults_restitches, nicolae_vaults_hallways_thing,
          ontoclasm_vaults_ring_square, nicolae_vaults_three_branches,
          grunt_vaults_funnel, st_octagons_2, layout_vaults_maze_snakey
Vaults:2: hangedman_vaults_stretched_pinwheel, minmay_crypt_entry_necro_gods,
          v_alt_pattern_2, nicolae_vaults_little_squares_6, vaults_room_octagon,
          hangedman_vaults_nails, nicolae_vaults_mini_display_case,
          vaults_room_pool, vaults_room_semicircle, vaults_room_stairs_pillars,
          layout_vaults_omnigrid
Vaults:3: grunt_vaults_bifocal, vaults_mumra_minichess,
          nicolae_vaults_sealed_display, nicolae_vaults_border_crossing,
          v_misc_10, ontoclasm_vaults_hangar, hangedman_vaults_pinch, v_misc_5,
          hangedman_vaults_impose, dpeg_vaults_pockets_of_resistance,
          vaults_room_stairs_pillars, vaults_room_semicircle,
          nicolae_vaults_ring_of_whatevers, vaults_room_pool,
          nicolae_vaults_little_squares_3, nicolae_vaults_circle_grid_a,
          layout_vaults_omnibox, uniq_bai_suzhen

Skill      XL: |  1  2  3  4  5  6  7  8  9 10 11 12 13 14 15 16 17 18 19 |
---------------+----------------------------------------------------------+-----
Unarmed Combat | 3 4 5 6 7 9 10 11 13 14 15 16 17 18 | 18.6
Fighting       | 3 4 5 6 7 8 9 10 11 12 | 12.8
Armour         | 2 4 5 6 7 8 9 10 11 | 11.5
Dodging        | 3 5 6 7 8 9 10 11 | 11.8
Shields        | 3 5 6 7 8 9 |  9.0
Invocations    | 3 6 8 10 11 12 14 15 | 15.0

Action                   |  1- 3 |  4- 6 |  7- 9 | 10-12 | 13-15 | 16-18 | 19-21 || total
-------------------------+-------+-------+-------+-------+-------+-------+-------++-------
Melee: Unarmed           |    91 |   154 |   462 |   702 |  1547 |  1718 |   391 ||  5065
       Trident           |       |       |       |    13 |       |       |       ||    13
Invok: Lesser Healing    |       |       |       |     5 |       |       |       ||     5
       Greater Healing   |       |       |       |     1 |    13 |    26 |    11 ||    51
       Heal Other        |       |       |       |       |     5 |     7 |     3 ||    15
       Divine Protection |       |       |       |       |       |       |     1 ||     1
       Divine Vigour     |       |       |       |       |       |       |     1 ||     1
Evoke: Wand              |       |       |     3 |    26 |    39 |    16 |       ||    84
  Use: Scroll            |       |     7 |    12 |    13 |    11 |    14 |     6 ||    63
       Potion            |       |     1 |     2 |     2 |     2 |     2 |    15 ||    24
 Stab: Sleeping          |       |     2 |     2 |       |     2 |       |       ||     6
       Petrified         |       |       |       |       |     1 |       |       ||     1
       Distracted        |       |       |       |       |     1 |       |       ||     1
       Invisible         |       |       |       |       |       |       |    10 ||    10
  Eat: Chunk             |    14 |    15 |    40 |    79 |   124 |   104 |    23 ||   399
       Ration            |       |       |       |       |     6 |    19 |     1 ||    26
Armor: Robe              |    34 |    32 |   104 |   117 |   153 |   130 |    35 ||   605
       Skin              |       |       |    26 |       |       |       |       ||    26
Dodge: Dodged            |    27 |    45 |   140 |   214 |   545 |   537 |   110 ||  1618
Block: Shield            |    26 |    52 |   227 |   318 |   739 |   872 |   228 ||  2462
       Reflection        |       |       |       |       |       |    10 |    23 ||    33

Table legend:
 A = Non-vault XP
 B = Vault XP
 C = Vault XP percentage of total XP
 D = Non-vault monster count
 E = Vault monster count
 F = Vault count percentage of total count
                 A         B        C        D         E       F
            +---------+---------+-------+---------+---------+-------
      Total |  232862 |  199057 |  46.1 |     859 |     453 |  34.5
            +---------+---------+-------+---------+---------+-------
        D:1 |      42 |       0 |   0.0 |      24 |       0 |   0.0
        D:2 |      25 |      13 |  34.2 |      14 |       1 |   6.7
        D:3 |     121 |       0 |   0.0 |      28 |       0 |   0.0
        D:4 |     792 |     134 |  14.5 |      29 |      32 |  52.5
        D:5 |     595 |     151 |  20.2 |      22 |       9 |  29.0
        D:6 |     361 |     127 |  26.0 |      21 |       2 |   8.7
        D:7 |     885 |     267 |  23.2 |      18 |       2 |  10.0
        D:8 |     858 |     701 |  45.0 |      16 |       4 |  20.0
        D:9 |    3803 |     856 |  18.4 |      45 |      29 |  39.2
       D:10 |    3652 |     433 |  10.6 |      39 |       1 |   2.5
       D:11 |    2586 |       0 |   0.0 |      22 |       0 |   0.0
       D:12 |    2269 |    1942 |  46.1 |      20 |       6 |  23.1
       D:13 |    5801 |    1026 |  15.0 |      21 |       5 |  19.2
       D:14 |   10079 |       0 |   0.0 |      33 |       0 |   0.0
       D:15 |    8317 |    5572 |  40.1 |      30 |       9 |  23.1
     Temple |      84 |       0 |   0.0 |       3 |       0 |   0.0
     Lair:1 |    3113 |       0 |   0.0 |      12 |       0 |   0.0
     Lair:2 |    3768 |      74 |   1.9 |      16 |       1 |   5.9
     Lair:3 |    4741 |    3345 |  41.4 |      19 |       5 |  20.8
     Lair:4 |    2074 |     451 |  17.9 |      11 |       4 |  26.7
     Lair:5 |    6609 |    2613 |  28.3 |      25 |       3 |  10.7
     Lair:6 |    1802 |   11585 |  86.5 |       5 |      30 |  85.7
    Snake:1 |   12644 |       0 |   0.0 |      28 |       0 |   0.0
    Snake:2 |   24768 |     478 |   1.9 |      45 |       1 |   2.2
    Snake:3 |   28650 |    4787 |  14.3 |      55 |       8 |  12.7
    Snake:4 |    5539 |   61028 |  91.7 |       9 |      91 |  91.0
      Orc:1 |    4192 |    5379 |  56.2 |      36 |      15 |  29.4
      Orc:2 |     837 |    6490 |  88.6 |      20 |      55 |  73.3
      Elf:1 |   13675 |    6312 |  31.6 |      23 |      11 |  32.4
      Elf:2 |   18254 |   24520 |  57.3 |      36 |      31 |  46.3
   Vaults:1 |   17296 |   27336 |  61.2 |      47 |      51 |  52.0
   Vaults:2 |   33500 |    9005 |  21.2 |      66 |      15 |  18.5
   Vaults:3 |   11130 |   24053 |  68.4 |      21 |      28 |  57.1
      IceCv |       0 |     379 | 100.0 |       0 |       4 | 100.0
            +---------+---------+-------+---------+---------+-------
